Map: Year Zero LE

Players

MaNa - Winner!

  • Race: Protoss Protoss
  • Spawn Location: 11:00

DIMAGA

  • Race: Zerg Zerg
  • Spawn Location: 1:00

Event: 2019 WCS Spring

VOD

Have the link to the VOD?

Description

Time

  • Played on: May 17, 2019, 7:13 a.m.
  • Length: 16:44

All games in this series

Show
View Real Time Build Order
Export as new Build Order

MaNa Protoss - Winner!

Build Orders: 1 Gate Expand, Archon Immortal, Archon Drop, Dark Templar Rush 

Get SALT Encoding   

  12  0:00  Probe  
  13  0:12  Probe  
  14  0:18  Pylon  
  14  0:24  Probe  
  15  0:32  Probe  
  15  0:40  Probe  
  16  0:44  Gateway  
  16  0:48  Assimilator  
  17  0:51  Probe  
  18  0:59  Probe  
  19  1:07  Probe  
  20  1:26  Nexus  
  20  1:34  Cybernetics Core  
  20  1:37  Probe  
  21  1:43  Assimilator  
  21  1:50  Probe  
  22  1:55  Pylon  
  22  2:02  Probe  
  22  2:03  Adept  
  23  2:14  Probe  
  26  2:26  Probe  
  26  2:28  Twilight Council  
  27  2:32  Warp Gate  
  27  2:33  Stalker  
  29  2:38  Probe x2  
  31  2:47  Robotics Facility  
  31  2:50  Probe  
  32  2:53  Probe  
  33  3:02  Probe  
  33  3:05  Probe  
  35  3:13  Dark Shrine  
  35  3:14  Probe  
  35  3:17  Probe  
  37  3:24  Warp Prism  
  37  3:26  Gateway  
  37  3:38  Gateway  
  39  3:41  Gateway  
  39  3:44  Probe  
  39  3:46  Probe  
  41  3:53  Assimilator  
  41  3:55  Assimilator  
  41  3:57  Pylon  
  41  3:59  Probe  
  41  4:01  Probe  
  43  4:11  Probe  
  43  4:12  Pylon  
  43  4:13  Probe  
  45  4:23  Probe  
  46  4:25  Probe  
  47  4:32  Dark Templar x2  
  47  4:33  Dark Templar  
  47  4:35  Dark Templar  
  55  4:43  Observer, Probe x2  
  57  4:45  Forge  
  57  4:46  Archon  
  57  4:47  Archon  
  58  4:55  Probe x2  
  60  5:03  Pylon  
  60  5:04  Dark Templar  
  62  5:17  Immortal  
  62  5:20  Nexus  
  62  5:21  Probe x2  
  64  5:24  Protoss Ground Weapons Level 1  
  68  5:32  Pylon  
  68  5:40  Probe x2  
  70  5:52  Probe x2  
  70  5:55  Dark Templar  
  70  5:56  Immortal  
  78  6:04  Probe, Pylon  
  76  6:05  Pylon x2  
  77  6:18  Photon Cannon  
  77  6:21  Charge, Gateway  
  77  6:23  Sentry x2, Gateway  
  77  6:25  Sentry  
  83  6:35  Immortal  
  83  6:36  Probe  
  83  6:37  Probe  
  89  6:41  Probe  
  90  6:48  Probe  
  91  6:56  Stargate  
  91  6:58  Stargate, Probe x2  
  91  7:01  Probe  
  94  7:04  Shield Battery  
  94  7:07  Photon Cannon  
  94  7:10  Shield Battery  
  94  7:13  Probe x2  
  94  7:14  Probe  
  94  7:15  Assimilator  
  97  7:16  Assimilator  
  97  7:22  Immortal  
  101  7:41  Phoenix  
  101  7:42  Phoenix  
  105  7:52  Probe x2  
  107  8:00  Phoenix x2  
  107  8:03  Protoss Ground Weapons Level 2  
  107  8:04  Probe x2  
  108  8:05  Probe  
  108  8:07  Warp Prism  
  108  8:11  Pylon  
  114  8:16  Probe  
  114  8:19  Observer  
  115  8:25  Protoss Air Weapons Level 1  
  115  8:26  Phoenix x2  
  113  8:33  Nexus, Pylon  
  117  8:36  Stalker x4  
  117  8:37  Fleet Beacon  
  124  8:52  Zealot x2  
  128  8:57  Phoenix x2  
  132  9:15  Pylon  
  132  9:18  Pylon  
  132  9:23  Anion Pulse-Crystals, Pylon  
  132  9:25  Pylon  
  132  9:33  Phoenix x2  
  132  9:38  Dark Templar x4  
  144  9:39  Zealot x2  
  144  9:43  Archon  
  148  9:52  Probe x3  
  147  10:07  Immortal  
  147  10:10  Zealot  
  147  10:11  Zealot  
  131  10:16  Phoenix, Probe  
  131  10:20  Observer  
  106  10:27  Dark Templar x4  
  108  10:31  Phoenix  
  108  10:32  Phoenix, Archon x2  
  106  10:36  Zealot x2  
  106  10:40  Gateway  
  106  10:42  Gateway  
  114  10:47  Immortal  
  114  10:48  Shield Battery  
  118  10:51  Zealot x3  
  118  10:52  Robotics Facility  
  118  10:53  Zealot  
  126  11:02  Phoenix  
  124  11:09  Dark Templar x3  
  128  11:17  Zealot x3  
  131  11:24  Phoenix  
  131  11:27  Immortal  
  131  11:29  Immortal  
  131  11:31  Phoenix  
  141  11:45  Zealot  
  141  11:46  Zealot  
  145  11:52  Photon Cannon  
  145  11:55  Shield Battery  
  145  11:57  Phoenix  
  147  12:05  Sentry  
  147  12:06  Immortal, Sentry  
  155  12:17  Warp Prism  
  155  12:20  Zealot, Assimilator  
  155  12:21  Protoss Air Weapons Level 2  
  155  12:22  Zealot  
  160  12:23  Assimilator  
  160  12:29  Zealot x6  
  172  12:36  Void Ray  
  176  12:51  Immortal  
  178  12:53  Sentry  
  178  12:56  Immortal  
  178  12:59  Pylon x2  
  178  13:09  Protoss Ground Weapons Level 3  
  176  13:16  Void Ray x2  
  182  13:28  Warp Prism  
  182  13:30  Immortal  
  166  13:43  Zealot  
  166  13:44  Zealot x7  
  172  14:00  Templar Archives  
  164  14:06  Sentry  
  164  14:07  Sentry x4  
  164  14:08  Zealot  
  160  14:11  Zealot  
  160  14:14  Mothership  
  154  14:19  Immortal x2  
  162  14:37  Zealot x6  
  180  14:40  High Templar x2  
  180  14:46  Archon  
  172  14:58  Zealot x6  
  168  15:03  Psionic Storm  
  154  15:07  Immortal  
  150  15:18  High Templar x3  
  150  15:20  High Templar  
  158  15:23  Zealot x4  
  166  15:29  Immortal  
  170  16:12  Nexus  
  170  16:22  Sentry  
  170  16:24  Zealot  
  170  16:25  Zealot x5  
  170  16:26  Zealot  
Show
View Real Time Build Order
Export as new Build Order

DIMAGA Zerg 

Build Orders: Hatch First 

Get SALT Encoding   

  12  0:00  Drone  
  13  0:13  Overlord  
  13  0:18  Drone  
  14  0:31  Drone x2  
  14  0:35  Drone  
  17  0:52  Hatchery  
  17  0:55  Drone  
  17  0:58  Drone  
  18  1:10  Extractor  
  17  1:14  Spawning Pool  
  17  1:17  Drone  
  17  1:20  Drone  
  18  1:28  Drone  
  19  1:39  Drone  
  20  1:49  Hatchery  
  20  1:51  Drone  
  20  2:04  Queen, Drone  
  23  2:12  Pneumatized Carapace  
  23  2:16  Drone  
  23  2:17  Drone  
  25  2:24  Overlord  
  25  2:29  Drone  
  26  2:35  Zergling x4  
  28  2:42  Queen  
  30  2:45  Drone  
  30  2:46  Drone  
  30  2:50  Overlord  
  32  2:59  Drone  
  32  3:00  Drone  
  32  3:01  Queen  
  36  3:13  Lair  
  36  3:14  Drone x2  
  36  3:16  Drone  
  36  3:18  Drone  
  40  3:23  Drone  
  40  3:24  Drone x2  
  43  3:32  Roach Warren  
  43  3:33  Drone  
  43  3:34  Drone  
  43  3:37  Drone  
  43  3:41  Drone x2  
  47  3:43  Extractor x2  
  47  3:48  Overlord  
  45  3:50  Overlord  
  45  4:00  Overlord  
  45  4:02  Overlord  
  45  4:14  Roach x6  
  57  4:17  Overseer  
  57  4:19  Drone  
  57  4:21  Drone x2  
  57  4:22  Roach  
  64  4:31  Roach x3  
  64  4:34  Overseer  
  68  4:44  Overseer  
  68  4:47  Drone x3  
  68  4:52  Overseer  
  71  4:56  Overlord x2  
  71  4:57  Drone x3  
  74  5:00  Glial Reconstitution  
  74  5:13  Queen  
  74  5:16  Drone x6  
  74  5:20  Overlord  
  74  5:21  Drone x3  
  82  5:29  Overlord  
  82  5:33  Spire  
  82  5:34  Drone x2  
  83  5:36  Extractor  
  83  5:39  Drone x4  
  86  5:44  Overlord  
  86  5:45  Drone x3  
  86  6:04  Roach x9  
  100  6:19  Extractor  
  100  6:20  Extractor  
  100  6:21  Evolution Chamber, Queen  
  99  6:29  Overlord x2  
  94  6:55  Drone x4  
  94  6:57  Drone x2  
  94  6:58  Drone  
  101  7:01  Drone x6  
  101  7:02  Drone x3  
  101  7:03  Overlord x2  
  110  7:10  Zerg Flyer Weapons Level 1, Zerg Missile Weapons Level 1  
  110  7:21  Hatchery  
  109  7:27  Mutalisk x6  
  121  7:33  Mutalisk x2  
  123  7:51  Overlord x4  
  123  7:59  Roach x3  
  123  8:00  Roach x4  
  135  8:08  Mutalisk  
  135  8:10  Overlord  
  131  8:23  Drone x2  
  131  8:24  Drone  
  131  8:26  Overlord  
  134  8:33  Mutalisk x8  
  150  8:50  Roach  
  150  8:51  Roach x6  
  160  9:05  Corruptor x3  
  164  9:12  Corruptor  
  166  9:21  Corruptor  
  166  9:25  Roach  
  166  9:26  Roach x5  
  166  9:27  Drone  
  166  9:28  Drone x7  
  186  9:35  Overlord x2  
  186  9:36  Overlord  
  180  9:54  Roach x9  
  188  10:02  Mutalisk  
  188  10:03  Mutalisk x3  
  172  10:16  Roach x8  
  159  10:28  Roach x4  
  160  10:45  Roach x7  
  174  10:50  Roach  
  174  10:57  Ravager  
  174  10:58  Ravager  
  174  11:04  Roach x6  
  186  11:13  Corruptor x2  
  186  11:16  Overseer  
  172  11:27  Corruptor x2  
  176  11:36  Corruptor  
  175  11:42  Corruptor  
  175  11:46  Spore Crawler  
  176  11:50  Spine Crawler  
  176  11:51  Drone x2, Spine Crawler  
  176  11:52  Spore Crawler x2, Corruptor  
  176  11:53  Corruptor  
  177  12:05  Corruptor x2  
  179  12:13  Roach x6  
  191  12:19  Roach x2, Zergling x2  
  191  12:20  Zergling x2  
  198  12:22  Ravager  
  194  12:39  Roach x3  
  199  12:57  Corruptor  
  199  12:59  Overlord x2  
  199  13:00  Overseer x3  
  195  13:17  Overlord  
  195  13:18  Corruptor x2  
  197  13:28  Zerg Missile Weapons Level 2  
  195  13:41  Roach x15  
  175  13:54  Roach x8  
  163  14:04  Roach x6  
  165  14:12  Roach x2  
  151  14:18  Roach x2  
  151  14:20  Ravager x2  
  151  14:21  Ravager  
  151  14:22  Ravager  
  157  14:31  Overlord  
  157  14:32  Overlord x2  
  157  14:43  Overseer  
  157  14:44  Overseer  
  155  14:45  Overlord  
  155  14:48  Roach x3  
  161  14:57  Roach x7  
  151  15:05  Roach x4  
  110  15:21  Roach x4  
  118  15:22  Ravager  
  118  15:23  Ravager x2  
  118  15:27  Roach x5  
  131  15:29  Roach  
  131  15:32  Hatchery  
  132  15:37  Roach  
  134  15:47  Roach  
  134  15:48  Roach x4  
  142  15:55  Roach x6  
  153  16:08  Roach x3  
Tags
 
Add a new tag
Caveats
  • Supply blocks, unpowered buildings, or Contaminate may cause inaccurate times.
  • Supply counts are checked every 10 seconds.